 Dungeon Crawl Stone Soup version 0.28-a0-802-g09f76e8c00 (webtiles) character file.

Game seed: 10288895675158790374

225834 ytrimaz the Tortoise (level 19, 0/184 HPs)
             Began as a Minotaur Berserker on Nov 6, 2021.
             Was the Champion of Trog.
             Slain by a fire dragon (6 damage)
             ... on level 2 of the Depths.
             The game lasted 01:07:18 (41720 turns).

ytrimaz the Tortoise (Minotaur Berserker)          Turns: 41720, Time: 01:07:18

Health: 0/184      AC: 28    Str: 38    XL:     19   Next: 0%
Magic:  18/18      EV: 23    Int:  4    God:    Trog [******]
Gold:   1111       SH:  0    Dex: 18    Spells: 18/18 levels left

rFire   . . .      SeeInvis .   U - +11 plutonium sword {Contam Stlth-}
rCold   . . .      Faith    .   (shield currently unavailable)
rNeg    + . .      Spirit   .   T - +0 storm dragon scales
rPois   .          Reflect  .   (helmet restricted)
rElec   +          Harm     .   E - +0 cloak "Qacier" {rN+ Will+ Str+4}
rCorr   +          Rampage  .   L - +1 pair of gloves of Starshine {Str+4 Dex+4}
Will    ++...                   p - +2 pair of boots
Stlth   ..........              Q - amulet of the Monkey's Uncle {Acrobat Str+2 Dex+4}
HPRegen 0.40/turn               e - +4 ring of evasion
MPRegen 0.16/turn               P - ring of resist corrosion

@: studying Shields, very slow
A: horns 2, retaliatory headbutt, electricity resistance, weak 1, MP-powered
wands
a: Renounce Religion, Berserk, Trog's Hand, Brothers in Arms


You were on level 2 of the Depths.
You worshipped Trog.
Trog was exalted by your worship.
You visited 6 branches of the dungeon, and saw 29 of its levels.
You visited the Abyss 1 time.
You also visited: Gauntlet and Volcano.

You collected 4320 gold pieces.
You spent 3209 gold pieces at shops.

Inventory:

Hand Weapons
 i - a +2 demon blade of flaming
 v - the +3 rapier of Qeduck {antimagic, *Slow rF+ Int+2 Stlth+}
   (You bought it in a shop on level 1 of the Orcish Mines)

   It reduces the magical energy of the wielder, and disrupts the spells and
   magical abilities of those it strikes.
   Natural abilities and divine invocations are not affected.
   Int:       It affects your intelligence (+2).
   rF:        It protects you from fire.
   *Slow:     It may slow you when you take damage.
   Stlth:     It makes you more stealthy.
 F - the +10 zealot's sword {holy, *Rage rN+ EV+3}
   (You found it in a Gauntlet)

   It has been blessed by the Shining One to cause great damage to the undead
   and demons.
   Whenever the wielder enters a berserk rage, their allies are berserked
   alongside them.
   EV:        It affects your evasion (+3).
   rN:        It protects you from negative energy.
   *Rage:     It berserks you when you make melee attacks (+20% chance).
 S - a +1 vampiric war axe
 U - the +11 plutonium sword (weapon) {Contam Stlth-}
   (You bought it in a shop on level 5 of the Dungeon)

   It occasionally inflicts wild transmutation effects on those it strikes,
   inflicting malmutation or extra damage, or polymorphing them into a new form.
   Contam:    It causes magical contamination when unequipped.
   Stlth:     It makes you less stealthy.
 W - the +6 rapier of Viebb {flame, Fly rF+ Stlth+}
   (Trog gifted it to you on level 3 of the Lair of Beasts)

   It burns those it strikes, dealing additional fire damage.
   rF:        It protects you from fire.
   Fly:       It grants you flight.
   Stlth:     It makes you more stealthy.
Armour
 b - the +1 cloak of Starlight {*Dazzle EV+4 Stlth--}
   (You acquired it on level 2 of the Elven Halls)

   It may blind those who miss an attack against the wearer in melee combat.
   EV:        It affects your evasion (+4).
   Stlth:     It makes you much less stealthy.
 d - a +2 chain mail of fire resistance
 p - a +2 pair of boots (worn)
 E - the +0 cloak "Qacier" (worn) {rN+ Will+ Str+4}
   (You found it in a Gauntlet)

   Str:       It affects your strength (+4).
   rN:        It protects you from negative energy.
   Will:      It increases your willpower.
 I - a +2 buckler of reflection
 J - a +2 tower shield of protection
 L - the +1 pair of gloves of Starshine (worn) {Str+4 Dex+4}
   (You bought it in a shop on level 11 of the Dungeon)

   Str:       It affects your strength (+4).
   Dex:       It affects your dexterity (+4).
 T - +0 storm dragon scales (worn)
Jewellery
 e - a +4 ring of evasion (left hand)
 o - a ring of protection from fire
 r - an amulet of reflection
 M - a ring of protection from fire
 P - a ring of resist corrosion (right hand)
 Q - the amulet of the Monkey's Uncle (around neck) {Acrobat Str+2 Dex+4}
   (You found it on level 13 of the Dungeon)

   [amulet of the acrobat]

   It increases your evasion while moving and waiting.
   Str:       It affects your strength (+2).
   Dex:       It affects your dexterity (+4).
Wands
 k - a wand of iceblast (19) (quivered)
 t - a wand of acid (16)
 y - a wand of digging (9)
 C - a wand of charming (8)
 H - a wand of flame (45)
 N - a wand of polymorph (19)
 R - a wand of mindburst (20)
Scrolls
 a - a scroll of magic mapping
 f - 5 scrolls of fear
 j - 8 scrolls of noise
 m - 3 scrolls of identify
 n - 6 scrolls of blinking
 s - 3 scrolls of summoning
 w - 5 scrolls of teleportation
 O - a scroll of silence
 Y - 2 scrolls of holy word
Potions
 g - a potion of heal wounds
 q - 14 potions of curing
 u - 3 potions of resistance
 x - a potion of mutation
 z - a potion of lignification
 A - 4 potions of might
 B - 6 potions of cancellation
 G - 10 potions of ambrosia
 V - 2 potions of berserk rage
 X - 2 potions of attraction


   Skills:
 + Level 19.9 Fighting
 - Level 14.0(15.2) Short Blades
 * Level 10.6(14.2) Long Blades
 - Level 16.0 Axes
 * Level 20.7 Armour
 + Level 15.1 Dodging
 + Level 16.2 Shields


You had 18 spell levels left.
You didn't know any spells.
Your spell library was empty.

Dungeon Overview and Level Annotations

Branches:
Dungeon (15/15)            Temple (1/1) D:5            Lair (6/6) D:11
  Swamp (0/4) Lair:3        Snake (0/4) Lair:4        Slime (0/5) Lair:5
    Orc (2/2) D:12            Elf (3/3) Orc:2        Vaults (0/5) D:14
 Depths (2/4) D:15        Volcano (visited)         Gauntlet (visited)

Altars:
Cheibriados
Dithmenos
Elyvilon
Fedhas
Gozag
Hepliaklqana
Kikubaaqudgha
Makhleb
Nemelex Xobeh
Okawaru
Qazlal
Ru
Trog
Uskayaw
Vehumet
Wu Jian
Xom
Yredelemnul
Zin
The Shining One
Beogh
Jiyva

Shops:
D:5 *   D:9 ?   D:11 [   D:14 =   Orc:1 *   Orc:2 *[=(   Elf:1 (   Elf:2 ?
Elf:3 (

Portals:
Hell: Depths:1


Innate Abilities, Weirdness & Mutations

You have a pair of horns on your head.
You reflexively headbutt those who attack you in melee.
You are resistant to electric shocks. (rElec)
You are weak. (Str -2)
You expend magic power (3 MP) to strengthen your wands.


Message History

The orc throws a stone.
The stone completely misses you.
You have reached level 19!
An orc and an orc warrior come into view.
You fall into a shaft and drop 1 floor!
The shaft crumbles and collapses.
A fire dragon, a glowing orange brain and a spriggan air mage come into view.
The spriggan air mage shouts!
Found a box of beasts.
Found a stone staircase leading up.
Unknown command.
You chop the glowing orange brain into pieces!!!
You kill the glowing orange brain!
Trog accepts your kill.
The spriggan air mage waves its arms in wide circles.
The air twists around and strikes you!
* * * LOW HITPOINT WARNING * * *
You enter the shallow water.
Moving in this stuff is going to be slow.
The fire dragon completely misses you. x3
Unknown command.
Your unstable footing causes you to fumble your attack.
The fire dragon completely misses you. You furiously retaliate!
You headbutt the fire dragon. The fire dragon claws you.
* * * LOW HITPOINT WARNING * * *
The fire dragon completely misses you.
Your unstable footing causes you to fumble your attack.
The fire dragon misses you. You furiously retaliate!
You headbutt the fire dragon, but do no damage.
The fire dragon barely misses you. x2
You slash the fire dragon! You headbutt the fire dragon!
The fire dragon is lightly wounded.
The spriggan air mage hits you.
* * * LOW HITPOINT WARNING * * *
The fire dragon breathes flames at you. The blast of flame hits you!!!
* * * LOW HITPOINT WARNING * * *
The spriggan air mage hits you.
* * * LOW HITPOINT WARNING * * *
The fire dragon bites you but does no damage.
The fire dragon claws you.
You die...

....≈.#.........
....≈.........<..
......}..........
...............
.............
#...........
#..........
#...i..##..#
#..≈@.....#
#.≈.D......#
##...#...###
#...##..# #..##
.... ##.# #.##.
## ## #


You could see a fire dragon (catching breath) and a spriggan air mage (repels
missiles).

Vanquished Creatures
  Sojobo (Depths:1)
  Saint Roka (Depths:1)
  Nikola (Depths:1)
  2 liches (Depths:1)
  3 deep elf master archers (Elf:3)
  Asterion (Elf:2)
  A deep elf blademaster (Elf:3)
  2 tentacled starspawn (Abyss:3)
  2 tengu reavers (Depths:1)
  A storm dragon (D:15)
  2 frost giants (Depths:1)
  7 deep elf sorcerers (Elf:3)
  An orc warlord (Orc:2)
  8 deep elf elementalists
  13 very ugly things (Depths:1)
  4 stone giants
  The ghost of Juirae the Grappler, a journeyman TrMo of Wu Jian (Lair:4)
  An ironbound preserver (D:14)
  A minotaur (Gauntlet)
  Azrael (D:12)
  14 deep elf annihilators (Elf:3)
  7 deep elf demonologists (Elf:3)
  A blizzard demon (Depths:1)
  3 deep elf death magi (Elf:3)
  4 ettins (Depths:1)
  Josephine (D:10)
  2 fire dragons
  A yaktaur captain (D:15)
  Fannar (D:11)
  7 deep elf high priests (Elf:3)
  An ice dragon (Depths:1)
  2 rakshasas (Depths:1)
  24 hydras
  5 centaur warriors
  2 ogre magi
  5 boulder beetles
  9 two-headed ogres
  7 death yaks
  33 dancing weapons
  2 deep troll earth magi (Depths:1)
  A deep troll shaman (Depths:1)
  2 spriggan berserkers (Depths:1)
  3 tengu warriors
  3 orc high priests (Orc:2)
  A thrashing horror (Abyss:3)
  A soul eater (Depths:1)
  A wretched star (Abyss:3)
  17 deep elf knights
  Nergalle (Lair:4)
  A fire crab (Lair:6)
  8 skeletal warriors
  A spark wasp zombie (Depths:1)
  A glowing orange brain (Depths:2)
  2 deep trolls (Depths:1)
  17 deep elf archers
  A golden dragon skeleton (Depths:1)
  2 lindwurms (Lair:1)
  13 orc knights
  17 deep elf zephyrmancers
  A tengu zombie (Depths:1)
  23 deep elf pyromancers
  A necromancer (Depths:1)
  6 wizards
  A salamander (shapeshifter) (D:14)
  5 orc sorcerers (Orc:2)
  A manticore (D:14)
  2 oklob plants (Gauntlet)
  15 ugly things
  4 elephants (Lair:4)
  5 toenail golems (Volcano)
  2 molten gargoyles (Lair:6)
  4 cyclopes
  An apocalypse crab (Abyss:3)
  A torpor snail (Lair:6)
  7 black mambas
  A smoke demon (Abyss:3)
  A black mamba (shapeshifter) (D:14)
  A hellion (Gauntlet)
  2 unseen horrors
  10 cane toads
  An orange demon (Depths:1)
  Maggie (D:8)
  A kobold demonologist (D:11)
  12 komodo dragons
  5 yaktaurs (D:15)
  A freezing wraith (D:14)
  3 tengu conjurers
  2 rime drakes
  3 meliai (D:15)
  A red devil (Gauntlet)
  3 polar bears
  An ancient zyme (Abyss:3)
  A meliai (shapeshifter) (D:14)
  A queen bee (Lair:2)
  5 trolls
  A hornet (shapeshifter) (Elf:2)
  A tyrant leech (Lair:3)
  A wolf spider simulacrum (D:13)
  4 hornets
  9 blink frogs (Lair:3)
  A raiju (Abyss:3)
  5 slime creatures (D:15)
  3 large abominations (Abyss:3)
  A shadow (D:10)
  3 air elementals
  3 wraiths (D:10)
  A ynoxinul (Abyss:3)
  2 vampires (D:12)
  59 yaks
  2 spriggans (Depths:1)
  13 wyverns
  11 basilisks
  3 water elementals
  Grum (D:8)
  A chaos spawn (Depths:1)
  5 fire elementals
  A yak (shapeshifter) (D:14)
  Eustachio (D:6)
  13 vampire mosquitoes
  6 steam dragons
  11 wargs
  3 small abominations (Abyss:3)
  A swamp worm (Lair:3)
  5 acid dragons
  11 hell hounds
  13 water moccasins
  A floating eye (Depths:1)
  3 nagas (Lair:4)
  27 orc warriors
  A human skeleton (Depths:1)
  3 ice beasts
  4 black bears
  3 sky beasts
  3 ogres
  13 wolves
  17 centaurs
  A phantom (D:6)
  4 kobold brigands
  20 bullfrogs
  A two-headed ogre simulacrum (D:11)
  3 gnoll sergeants
  2 earth elementals
  A scorpion (D:4)
  25 killer bees (Lair:2)
  4 wights (D:8)
  4 howler monkeys
  6 electric eels
  A bullfrog zombie (D:5)
  5 lava snakes (Lair:6)
  5 centaur zombies
  An iron imp (D:10)
  29 orc priests
  A hound (D:6)
  2 jellies (D:6)
  27 orc wizards
  4 iguanas
  A troll simulacrum (D:11)
  2 spriggan simulacra
  2 human simulacra (D:12)
  A hound skeleton (D:5)
  2 howler monkey zombies
  12 gnolls
  6 adders
  A howler monkey skeleton (D:6)
  2 naga simulacra (D:11)
  2 shadow imps
  An ufetubus (D:6)
  An adder skeleton (D:4)
  2 worms
  A dart slug (D:2)
  77 orcs
  6 ball pythons
  6 endoplasms
  3 giant cockroaches
  6 goblins
  10 hobgoblins
  3 training dummies (Elf:3)
  4 bats
  A frilled lizard (D:1)
  24 kobolds
  2 rats (D:3)
  5 starspawn tentacles (Abyss:3)
1012 creatures vanquished.

Vanquished Creatures (collateral kills)
  An Executioner (Abyss:3)
  A thrashing horror (Abyss:3)
  A deep elf knight (Elf:3)
  A deep elf archer (Elf:3)
  A deep elf zephyrmancer (Elf:3)
  2 large abominations (Abyss:3)
  3 raiju (Abyss:3)
10 creatures vanquished.

Vanquished Creatures (others)
  A deep elf blademaster (Elf:3)
  A rakshasa (Depths:1)
  An orc high priest (Orc:2)
  A tengu warrior (Depths:1)
  3 deep elf pyromancers
  A rust devil (Depths:1)
  18 fungi
  31 plants
  3 starspawn tentacles (Abyss:3)
  3 toadstools (Lair:1)
63 creatures vanquished.

Grand Total: 1085 creatures vanquished

Notes
Turn   | Place    | Note
-------+----------+-------------------------------------------
     0 | D:1      | ytrimaz the Minotaur Berserker began the quest for the Orb.
     0 | D:1      | Reached XP level 1. HP: 19/19 MP: 0/0
   634 | D:1      | Reached XP level 2. HP: 25/27 MP: 1/1
   773 | D:1      | Reached skill level 1 in Short Blades
  1693 | D:2      | Reached XP level 3. HP: 26/34 MP: 2/2
  1916 | D:2      | Found a faded altar of an unknown god.
  2689 | D:3      | Gained mutation: Your flesh is heat resistant. (rF+)
                  | [potion of mutation]
  2689 | D:3      | Gained mutation: You are robust. (+10% HP) [potion of
                  | mutation]
  2689 | D:3      | Gained mutation: Your spells are a little harder to cast,
                  | but a little more powerful. [potion of mutation]
  2689 | D:3      | Gained mutation: Your spells are harder to cast, but more
                  | powerful. [potion of mutation]
  2697 | D:3      | Reached ** piety under Trog
  2764 | D:3      | Reached XP level 4. HP: 41/45 MP: 3/3
  2764 | D:3      | Noticed an ice beast
  2773 | D:3      | Killed an ice beast
  2774 | D:3      | Reached skill level 5 in Fighting
  2774 | D:3      | Reached XP level 5. HP: 52/52 MP: 4/4
  3064 | D:3      | Found a glowing silver altar of Zin.
  3177 | D:3      | Found an opulent altar of Gozag.
  3761 | D:4      | Noticed an ogre
  3767 | D:4      | Killed an ogre
  3768 | D:4      | Reached XP level 6. HP: 61/61 MP: 5/5
  4000 | D:5      | Entered Level 5 of the Dungeon
  4000 | D:5      | Found Jisyarif's Assorted Antiques.
  4114 | D:5      | Reached skill level 3 in Armour
  4130 | D:5      | Reached skill level 5 in Short Blades
  4375 | D:5      | Reached XP level 7. HP: 63/68 MP: 6/6
  4739 | D:5      | Found a staircase to the Ecumenical Temple.
  4762 | Temple   | Entered the Ecumenical Temple
  5191 | D:6      | You fall into a shaft and drop 3 floors!
  5191 | D:9      | Noticed a two-headed ogre
  5199 | D:8      | Noticed a steam dragon
  5235 | D:8      | Found a glowing golden altar of the Shining One.
  5809 | D:8      | Noticed Grum
  5827 | D:8      | Killed Grum
  5828 | D:8      | Reached skill level 4 in Armour
  5828 | D:8      | Reached XP level 8. HP: 78/78 MP: 7/7
  5864 | D:8      | Found a sacrificial altar of Ru.
  6068 | D:8      | Reached skill level 5 in Dodging
  6281 | D:7      | Reached skill level 5 in Armour
  6535 | D:7      | Noticed a cyclops
  6542 | D:7      | Reached *** piety under Trog
  6548 | D:7      | Killed a cyclops
  6549 | D:7      | Reached XP level 9. HP: 38/86 MP: 8/8
  7708 | D:6      | Noticed Eustachio
  7720 | D:6      | Killed Eustachio
  7815 | D:6      | Reached skill level 6 in Armour
  8556 | D:8      | Reached skill level 10 in Short Blades
  8789 | D:8      | Noticed Maggie
  8808 | D:8      | Killed Maggie
  8852 | D:8      | Found a hide-covered altar of Uskayaw.
  9043 | D:9      | Killed a two-headed ogre
  9044 | D:9      | Reached XP level 10. HP: 99/99 MP: 9/9
  9044 | D:9      | Noticed a boulder beetle
  9044 | D:9      | Noticed a centaur warrior
  9044 | D:9      | Noticed an ogre mage
  9056 | D:9      | Noticed a purple ugly thing
  9525 | D:9      | Reached **** piety under Trog
  9699 | D:9      | Found Ulaesashru's Magic Scroll Emporium.
  9699 | D:9      | Noticed a white ugly thing
  9721 | D:9      | Reached skill level 7 in Armour
  9738 | D:9      | Killed a white ugly thing
 10039 | D:9      | Found a shadowy altar of Dithmenos.
 10388 | D:10     | Entered Level 10 of the Dungeon
 10590 | D:10     | Noticed Josephine
 10621 | D:10     | Killed Josephine
 10622 | D:10     | Reached skill level 8 in Armour
 10622 | D:10     | Reached skill level 10 in Dodging
 10625 | D:10     | Reached XP level 11. HP: 35/106 MP: 10/10
 10893 | D:10     | Found a stormy altar of Qazlal.
 10927 | D:10     | Found a sparkling altar of Nemelex Xobeh.
 11018 | D:10     | Noticed a two-headed ogre
 11035 | D:10     | Killed a two-headed ogre
 11230 | D:10     | Found a bloodstained altar of Trog.
 11498 | D:10     | Found a snail-covered altar of Cheibriados.
 12073 | D:11     | Found a gate leading to a gauntlet.
 12082 | Gauntlet | Entered a Gauntlet
 12082 | Gauntlet | Noticed a wizard
 12082 | Gauntlet | Found a transporter.
 12082 | Gauntlet | Found a transporter.
 12082 | Gauntlet | Found a runed translucent gate.
 12084 | Gauntlet | Found a runed translucent gate.
 12085 | Gauntlet | Noticed an oklob plant
 12095 | Gauntlet | Found a transporter.
 12112 | Gauntlet | Found a transporter.
 12112 | Gauntlet | Found a transporter.
 12112 | Gauntlet | Found a transporter.
 12112 | Gauntlet | Noticed an oklob plant
 12114 | Gauntlet | Found a transporter.
 12114 | Gauntlet | Found a transporter.
 12118 | Gauntlet | Noticed a thrashing horror
 12126 | Gauntlet | Found a transporter.
 12128 | Gauntlet | Found the +10 zealot's sword {holy, *Rage rN+ EV+3}
 12141 | Gauntlet | Found a runed translucent door.
 12142 | Gauntlet | Found a transporter.
 12143 | Gauntlet | Found a runed translucent door.
 12151 | Gauntlet | Noticed a sixfirhy
 12152 | Gauntlet | Found a transporter.
 12153 | Gauntlet | Noticed a sixfirhy
 12166 | Gauntlet | Found a transporter.
 12186 | Gauntlet | Found a transporter.
 12186 | Gauntlet | Noticed a harpy
 12188 | Gauntlet | Found a runed translucent gate.
 12199 | Gauntlet | Noticed a shock serpent
 12199 | Gauntlet | a redback changed into a shock serpent
 12202 | Gauntlet | Found a transporter.
 12249 | Gauntlet | Reached skill level 9 in Armour
 12264 | Gauntlet | Killed an oklob plant
 12323 | Gauntlet | Noticed a two-headed ogre
 12328 | Gauntlet | Noticed a death drake
 12329 | Gauntlet | Noticed a sea snake
 12329 | Gauntlet | a death drake changed into a sea snake
 12330 | Gauntlet | Noticed a deep troll
 12330 | Gauntlet | a two-headed ogre changed into a deep troll
 12334 | Gauntlet | a deep troll changed into a slime creature
 12336 | Gauntlet | Noticed a four-headed hydra
 12336 | Gauntlet | a sea snake changed into a four-headed hydra
 12338 | Gauntlet | Noticed a glowing orange brain
 12338 | Gauntlet | a slime creature changed into a glowing orange brain
 12343 | Gauntlet | Noticed a lindwurm
 12343 | Gauntlet | a glowing orange brain changed into a lindwurm
 12350 | Gauntlet | a lindwurm changed into a water nymph
 12437 | Gauntlet | Noticed a spark wasp
 12437 | Gauntlet | a four-headed hydra changed into a spark wasp
 12888 | Gauntlet | Killed an oklob plant
 12941 | Gauntlet | Reached skill level 10 in Armour
 12957 | Gauntlet | Identified the +0 cloak "Qacier" {rN+ Will+ Str+4}
 12979 | Gauntlet | Noticed a minotaur
 12999 | Gauntlet | Killed a minotaur
 13272 | D:11     | Reached skill level 10 in Fighting
 13312 | D:11     | Reached skill level 11 in Armour
 13382 | D:11     | Found a staircase to the Lair.
 13382 | D:11     | Noticed a fire dragon
 13403 | D:11     | Noticed Fannar
 13410 | D:11     | Killed a fire dragon
 13640 | D:11     | Killed Fannar
 13641 | D:11     | Reached skill level 12 in Armour
 14174 | D:11     | Found Ybler's Armour Boutique.
 15154 | D:12     | Noticed Azrael
 15191 | D:12     | Noticed a boulder beetle
 15239 | D:12     | Noticed a two-headed ogre
 15255 | D:11     | Reached XP level 12. HP: 87/117 MP: 11/11
 15374 | D:12     | Killed a two-headed ogre
 15389 | D:12     | Killed a boulder beetle
 15607 | D:12     | Noticed a seven-headed hydra
 15620 | D:12     | Killed a seven-headed hydra
 15621 | D:12     | Reached skill level 13 in Armour
 16083 | D:12     | Found a staircase to the Orcish Mines.
 16100 | D:12     | Reached ***** piety under Trog
 16445 | D:12     | Killed Azrael
 16643 | D:12     | Reached skill level 1 in Shields
 16949 | D:12     | Noticed a four-headed hydra
 16968 | D:12     | Killed a four-headed hydra
 17253 | D:11     | Bought the +1 pair of gloves of Starshine {Str+4 Dex+4} for
                  | 532 gold pieces
 17543 | D:13     | Noticed a boulder beetle
 17565 | D:13     | Killed a boulder beetle
 17877 | D:13     | Noticed a boulder beetle
 17893 | D:13     | Killed a boulder beetle
 17894 | D:13     | Reached skill level 14 in Armour
 18212 | D:13     | Noticed an eight-headed hydra
 18222 | D:13     | Killed an eight-headed hydra
 18275 | D:13     | Found a hide-covered altar of Uskayaw.
 18300 | D:13     | Identified the amulet of the Monkey's Uncle {Acrobat Str+2
                  | Dex+4}
 18824 | D:14     | Reached XP level 13. HP: 128/128 MP: 12/12
 19024 | D:14     | Noticed an ironbound preserver
 19037 | D:14     | Killed an ironbound preserver
 19366 | D:14     | Found a gate to the Vaults.
 19625 | D:14     | Reached skill level 15 in Armour
 19788 | D:14     | Found Ycotereg's Jewellery Shop.
 20238 | D:14     | Found an ornate altar of the Wu Jian Council.
 20412 | D:15     | Entered Level 15 of the Dungeon
 20459 | D:15     | Found a bloodstained altar of Trog.
 20646 | D:15     | Received a gift from Trog
 20720 | D:15     | Reached XP level 14. HP: 58/143 MP: 13/13
 21360 | D:15     | Reached skill level 5 in Axes
 21725 | D:15     | Found a staircase to the Depths.
 21725 | D:15     | Noticed a stone giant
 21745 | D:15     | Killed a stone giant
 22422 | Lair:1   | Entered Level 1 of the Lair of Beasts
 22659 | Lair:1   | Found a glowing golden altar of the Shining One.
 23192 | Lair:1   | Found a runed translucent door.
 23826 | Lair:2   | Reached skill level 10 in Axes
 23833 | Lair:2   | Reached skill level 16 in Armour
 24936 | Lair:3   | Reached XP level 15. HP: 75/152 MP: 14/14
 25271 | Lair:3   | Identified the +6 rapier of Viebb {flame, Fly rF+ Stlth+}
                  | (Trog gifted it to you on level 3 of the Lair of Beasts)
 25271 | Lair:3   | Received a gift from Trog
 25848 | Lair:3   | Found a staircase to the Swamp.
 26041 | Lair:4   | Noticed Nergalle
 26054 | Lair:4   | Killed Nergalle
 26091 | Lair:4   | Found a staircase to the Snake Pit.
 26116 | Lair:4   | Reached skill level 15 in Fighting
 26784 | Lair:4   | Found a runed translucent door.
 26784 | Lair:4   | Noticed Juirae's ghost (journeyman TrMo)
 26920 | Lair:4   | Killed Juirae's ghost
 27091 | Lair:5   | Received a gift from Trog
 27398 | Lair:5   | Found a viscous altar of Jiyva.
 27401 | Lair:5   | Found a staircase to the Slime Pits.
 27443 | Lair:5   | Reached ****** piety under Trog
 27726 | Lair:5   | Identified a scroll of acquirement
 27726 | Lair:5   | Acquired 400 gold pieces
 27978 | Lair:6   | Entered Level 6 of the Lair of Beasts
 28039 | Lair:6   | Acquired a manual of Shields
 28090 | Lair:6   | Found a dark tunnel.
 28103 | Volcano  | Entered a volcano
 28454 | Lair:6   | Reached skill level 5 in Shields
 28508 | Lair:6   | Reached skill level 17 in Armour
 28658 | Lair:6   | Found a large runed translucent door.
 28658 | Lair:6   | Found a large runed translucent door.
 28675 | Lair:6   | Received a gift from Trog
 29155 | Lair:6   | Reached XP level 16. HP: 166/166 MP: 15/15
 29765 | Orc:1    | Entered Level 1 of the Orcish Mines
 29954 | Orc:1    | Found Kegiq's Assorted Antiques.
 29970 | Orc:1    | Bought a warped rapier for 180 gold pieces
 29970 | Orc:1    | Identified the +3 rapier of Qeduck {antimagic, *Slow rF+
                  | Int+2 Stlth+} (You bought it in a shop on level 1 of the
                  | Orcish Mines)
 29972 | Orc:1    | Bought a potion of mutation for 160 gold pieces
 30201 | Orc:2    | Entered Level 2 of the Orcish Mines
 30201 | Orc:2    | Found a staircase to the Elven Halls.
 31235 | Orc:2    | Received a gift from Trog
 31312 | Orc:2    | Found Jetheesh's Antique Armour Shoppe.
 31313 | Orc:2    | Found Anihuesa's Antique Weapon Emporium.
 31315 | Orc:2    | Found Futuosh's General Store.
 31315 | Orc:2    | Found Vekegingak's Jewellery Shoppe.
 31330 | Orc:2    | Bought a pair of translucent boots for 285 gold pieces
 31330 | Orc:2    | Identified the +0 pair of boots "Xiet Dogg" {rF- rCorr
                  | Dex+6} (You bought it in a shop on level 2 of the Orcish
                  | Mines)
 31794 | Orc:2    | Reached skill level 15 in Axes
 32025 | Elf:1    | Entered Level 1 of the Elven Halls
 32847 | Elf:1    | Found Hument's Antique Weapon Boutique.
 32854 | Elf:1    | Received a gift from Trog
 33636 | Elf:2    | Identified the +7 great sword of Irritation {vorpal, rC+
                  | Dex+4}
 33639 | Elf:2    | Found Usof Fita's Magic Scroll Shoppe.
 33903 | Elf:2    | Acquired the +1 cloak of Starlight {*Dazzle EV+4 Stlth--}
 33903 | Elf:2    | Found the +1 cloak of Starlight {*Dazzle EV+4 Stlth--}
 34181 | Elf:2    | Reached skill level 18 in Armour
 34203 | Elf:2    | Reached skill level 10 in Shields
 34486 | Elf:2    | Found a huge runed translucent gate.
 34486 | Elf:2    | Found a huge runed translucent gate.
 34486 | Elf:2    | Found a huge runed translucent gate.
 34486 | Elf:2    | Found a huge runed translucent gate.
 34486 | Elf:2    | Found a huge runed translucent gate.
 34775 | Elf:2    | Reached XP level 17. HP: 140/178 MP: 16/16
 35038 | Elf:2    | Received a gift from Trog
 35236 | Elf:2    | Noticed Asterion
 35254 | Elf:2    | Killed Asterion
 35679 | Elf:3    | Entered Level 3 of the Elven Halls
 35702 | Elf:3    | Noticed a deep elf master archer
 35715 | Elf:3    | Reached skill level 1 in Long Blades
 35720 | Elf:3    | Killed a deep elf master archer
 36121 | Elf:3    | Reached skill level 19 in Armour
 36229 | Elf:3    | Found Pacoeg's Antique Weapon Emporium.
 36431 | Elf:3    | Received a gift from Trog
 36998 | Elf:3    | Paralysed by an air elemental for 1 turns
 37032 | Elf:3    | Cast into level 3 of the Abyss (a deep elf sorcerer)
 37065 | Abyss:3  | Paralysed by you for 3 turns
 37209 | Elf:3    | Escaped the Abyss
 37899 | Elf:3    | Reached skill level 5 in Long Blades
 38069 | Elf:3    | Noticed a deep elf master archer
 38078 | Elf:3    | Killed a deep elf master archer
 38079 | Elf:3    | Reached XP level 18. HP: 159/191 MP: 17/17
 38181 | Elf:3    | Identified the +0 glaive of Sin {freeze, rN++}
 38250 | Elf:3    | Noticed an Ice Fiend
 38269 | Elf:3    | Identified the +2 buckler "Piwixor" {Int+4}
 38270 | Elf:3    | Noticed an Ice Fiend
 38277 | Elf:3    | Identified the +11 war axe of Compulsion {vorpal, *Rage
                  | *Corrode rC+++ Str+6} (Trog gifted it to you on level 3 of
                  | the Elven Halls)
 38277 | Elf:3    | Received a gift from Trog
 38302 | Elf:3    | Reached skill level 15 in Shields
 38312 | Elf:3    | Reached skill level 20 in Armour
 38622 | Elf:3    | Identified the +9 arbalest of Resourcefulness {elec, rElec
                  | Int+3}
 38814 | Elf:3    | Identified the +1 plate armour "Baireun" {Harm rElec rPois
                  | Int-2}
 39091 | D:5      | Bought the +11 plutonium sword {Contam Stlth-} for 1900
                  | gold pieces
 39091 | D:5      | Found the +11 plutonium sword {Contam Stlth-}
 39091 | D:5      | Bought a potion of mutation for 152 gold pieces
 39092 | D:5      | Lost mutation: Your spells are harder to cast, but more
                  | powerful. [potion of mutation]
 39092 | D:5      | Lost mutation: Your flesh is heat resistant. (rF+) [potion
                  | of mutation]
 39092 | D:5      | Lost mutation: You are robust. (+10% HP) [potion of
                  | mutation]
 39092 | D:5      | Gained mutation: You are weak. (Str -2) [potion of
                  | mutation]
 39092 | D:5      | Gained mutation: You are clumsy. (Dex -2) [potion of
                  | mutation]
 39092 | D:5      | Gained mutation: You are resistant to electric shocks.
                  | (rElec) [potion of mutation]
 39092 | D:5      | Gained mutation: You possess an exceptional clarity of
                  | mind. [potion of mutation]
 39093 | D:5      | Lost mutation: Your spells are a little harder to cast, but
                  | a little more powerful. [potion of mutation]
 39093 | D:5      | Lost mutation: You are clumsy. (Dex -2) [potion of
                  | mutation]
 39093 | D:5      | Lost mutation: You possess an exceptional clarity of mind.
                  | [potion of mutation]
 39093 | D:5      | Gained mutation: You expend magic power (3 MP) to
                  | strengthen your wands. [potion of mutation]
 39266 | Depths:1 | Entered Level 1 of the Depths
 39272 | Depths:1 | Noticed Sojobo
 39279 | Depths:1 | Reached skill level 15 in Dodging
 39288 | Depths:1 | Killed Sojobo
 39293 | Depths:1 | Noticed a lich
 39312 | Depths:1 | Killed a lich
 39341 | Depths:1 | Received a gift from Trog
 39446 | Depths:1 | Noticed Nikola
 39467 | Depths:1 | Noticed a lich
 39791 | Depths:1 | Killed Nikola
 39800 | Depths:1 | Killed a lich
 40238 | Depths:1 | Found a gateway to Hell.
 41238 | Depths:1 | Reached skill level 10 in Long Blades
 41598 | Depths:1 | Received a gift from Trog
 41702 | Depths:1 | Noticed Saint Roka
 41713 | Depths:1 | Killed Saint Roka
 41714 | Depths:1 | Reached XP level 19. HP: 57/184 MP: 18/18
 41714 | Depths:1 | You fall into a shaft and drop 1 floor!
 41720 | Depths:2 | HP: 6/184 [spriggan air mage (6)]
 41720 | Depths:2 | Slain by a fire dragon

Illustrated notes

Levels and vault maps discovered:
D:1:      sevenhm_arrival_forest_fort_large_2, layout_basic, minmay_pentomino_w2
D:2:      layout_loops_cross, hellmonk_ecumenical_altar_zigzags
D:3:      layout_rooms, zin_scriptorium, grunt_gozag_statues
D:4:      layout_rooms
D:5:      layout_loops_corners, minmay_temple_entry_mist, serial_shops,
          nicolae_stop_n_shop_2
D:6:      layout_loops_ring, uniq_eustachio
D:7:      layout_rooms
D:8:      layout_basic, mainiacjoe_overflow_brackets, hangedman_ru_absence,
          tso_oasis_becter, uniq_grum, uniq_maggie
D:9:      layout_rooms, nicolae_overflow_hidden_temple,
          nicolae_dithmenos_the_darkroom, serial_shops, kennysheep_little_box,
          onia_ninara_dug_in_and_dangerous
D:10:     layout_loops_corners, mainiacjoe_overflow_concentric_impassable,
          mainiacjoe_overflow_chevrons, slow_altar_2,
          mainiacjoe_overflow_boulevard, uniq_josephine
D:11:     layout_layer_cave, minmay_lair_entry_lava,
          portal_ice_cave_entry_ice_simulacra, serial_shops,
          nicolae_shop_waterfront, gauntlet_entry_generic, uniq_fannar
D:12:     layout_cave_pods, erik_orc_3, bh_circular_ruins, uniq_azrael
D:13:     layout_layer_cave, amethyst_killhole,
          nicolae_uskayaw_murder_on_the_dancefloor
D:14:     minmay_blocky_corners, layout_long_grid,
          skrybe_vaults_entry_preservation, serial_shops, shop,
          kennysheep_nondescript, pdpol_wu_jian_five_deadly_venoms
D:15:     grunt_enter_depths_giant_problem, layout_rooms,
          trog_three_pillars_becter, st_stairs_7, dk_noncrumbling_4,
          minmay_misc_feat_more_columns, lightli_fourway_metalbox
Temple:   eino_temple_lava
Lair:1:   gammafunk_lair_enchanted_lake, layout_misc_corridors, basic_altar
Lair:2:   nzn_winding_woodlands_stair_trap [nzn_winding_woodlands_5x15_sawtooth,
          nzn_winding_woodlands_5x15_cabin,
          nzn_winding_woodlands_5x15_split_checker,
          nzn_winding_woodlands_15x15_boxy_spiral,
          nzn_winding_woodlands_5x15_eye, nzn_winding_woodlands_5x15_concentric,
          nzn_winding_woodlands_5x15_pathside_ponds], layout_small_grid,
          special_room [special_room_bee], serial_bayou_shore_b
Lair:3:   layout_cave_pods, minmay_swamp_entry_worms, grunt_megastairs_3
Lair:4:   layout_cave_shapes, minmay_snake_entry_guardpost_small,
          ebering_ghost_inner_flame, nicolae_quartered_pool_super, st_stairs_4,
          kennysheep_basilisk_garden, uniq_nergalle
Lair:5:   layout_roguey, slime_altar_1, infiniplex_staircase_pool_2,
          serial_bayou_shore_b, serial_bayou_shore_a
Lair:6:   cheibrodos_lair_end_hotspot, layout_regular_city, enter_volcano_3,
          st_stairs_7
Orc:1:    layout_diamond_mine, basic_altar, serial_shops, shop_fountains
Orc:2:    st_orc_congregation, layout_caves, guppyfry_orc_lava_fort
Elf:1:    layout_gridlike, serial_shops, shop, evilmike_minifort
Elf:2:    elven_hall_of_blades_hangedman_alternative
          [nicolae_blade_entry_hurt_lockers], layout_geoelf_grid, serial_shops,
          shop_statue, uniq_asterion
Elf:3:    nooodl_elf_gasket, layout_gridlike, serial_shops,
          nicolae_shop_crystal, nicolae_elf_archery_training
Depths:1: layout_basic, rand_demon_pan_entry_3, abyss_entry_small_statue_room,
          hell_entry, lemuel_round_altar, minivault_11,
          nemelex_spade_bored_becter, roderic_lattice_octagonal_star,
          firewood_loft, uniq_saint_roka, uniq_sojobo, uniq_nikola
Depths:2: nicolae_legendary_halls, layout_cave_pools, dk_noncrumbling_3,
          special_room [special_room_mythical_zoo], rand_demon_pan_entry_1,
          hell_entry

Skill      XL: |  1  2  3  4  5  6  7  8  9 10 11 12 13 14 15 16 17 18 |
---------------+-------------------------------------------------------+-----
Fighting       | 4 5 6 7 8 9 10 11 13 14 16 17 18 19 | 19.9
Short Blades   | 1 2 3 4 5 6 8 10 11 12 13 14 | 14.0
Dodging        | 3 4 6 8 10 12 13 14 15 | 15.1
Armour         | 3 4 5 6 8 12 14 15 16 17 18 19 20 | 20.7
Shields        | 4 6 10 14 16 | 16.2
Axes           | 11 13 16 | 16.0
Long Blades    | 5 10 | 10.6

Action                   |  1- 3 |  4- 6 |  7- 9 | 10-12 | 13-15 | 16-18 | 19-21 || total
-------------------------+-------+-------+-------+-------+-------+-------+-------++-------
Melee: Dagger            |    56 |    74 |   323 |   777 |    52 |       |       ||  1282
       Hand axe          |     5 |       |       |       |       |       |       ||     5
       Headbutt          |    13 |    18 |    75 |   225 |   328 |   390 |     1 ||  1050
       Falchion          |       |       |       |    18 |       |       |       ||    18
       Eudemon blade     |       |       |       |    20 |    45 |       |       ||    65
       Scimitar          |       |       |       |       |   111 |       |       ||   111
       War axe           |       |       |       |       |   295 |   942 |       ||  1237
       Rapier            |       |       |       |       |   426 |    97 |       ||   523
       Triple sword      |       |       |       |       |       |   159 |     4 ||   163
Invok: Berserk           |       |     4 |     5 |    10 |     4 |    10 |       ||    33
       Trog's Hand       |       |     1 |     3 |     8 |     4 |    16 |       ||    32
       Brothers in Arms  |       |       |       |       |       |     3 |       ||     3
Evoke: Wand              |       |       |       |       |    11 |       |       ||    11
  Use: Scroll            |     6 |       |     7 |     9 |    14 |     6 |       ||    42
       Potion            |     1 |       |     2 |     2 |     1 |    12 |       ||    18
 Stab: Invisible         |       |       |     2 |     7 |       |    10 |       ||    19
       Sleeping          |       |       |       |       |     2 |       |       ||     2
       Petrified         |       |       |       |       |       |     3 |       ||     3
Armor: Animal skin       |    19 |     4 |    26 |     8 |       |       |       ||    57
       Chain mail        |       |       |       |    62 |    29 |    57 |       ||   148
       Ring mail         |       |       |       |   145 |   106 |       |       ||   251
       Storm dragon scal |       |       |       |       |   124 |   401 |     1 ||   526
Dodge: Dodged            |    47 |    54 |   263 |   464 |  1059 |  1183 |     8 ||  3078
Block: Other             |       |       |     5 |   133 |       |       |       ||   138
       Reflection        |       |       |       |     9 |     7 |    51 |       ||    67
       Buckler           |       |       |       |       |   276 |   481 |       ||   757

Table legend: (Time is in decaauts)
 A = Elapsed time spent in this place.
 B = Non-inter-level travel time spent in this place.
 C = Inter-level travel time spent in this place.
 D = Time resting spent in this place.
 E = Time spent auto-exploring this place.
 F = Levels seen in this place.
 G = Mean time per level.
                   A        B        C        D        E       F      G
               +--------+--------+--------+--------+--------+-----+--------+
         Total |  41080 |  39039 |   2041 |   8070 |  23611 |  32 | 1283.8 |
       Dungeon |  21617 |  20449 |   1168 |   3891 |  13563 |  15 | 1441.1 |
        Temple |     77 |     68 |      9 |      0 |     64 |   1 |   77.0 |
          Lair |   7116 |   6540 |    576 |    512 |   4733 |   6 | 1186.0 |
  Orcish Mines |   2250 |   2147 |    103 |    780 |    871 |   2 | 1125.0 |
   Elven Halls |   6274 |   6090 |    184 |   1352 |   3384 |   3 | 2091.3 |
        Depths |   2187 |   2187 |      0 |    751 |    900 |   2 | 1093.5 |
         Abyss |    167 |    167 |      0 |     25 |     10 |   1 |  167.0 |
       Volcano |    259 |    259 |      0 |      0 |     75 |   1 |  259.0 |
      Gauntlet |   1129 |   1129 |      0 |    757 |     10 |   1 | 1129.0 |
               +--------+--------+--------+--------+--------+-----+--------+

Top non-repeatable levels by time:
   Elf:3: 2916 daAuts
   Elf:2: 2284 daAuts
    D:15: 2264 daAuts
Depths:1: 2181 daAuts
    D:11: 2139 daAuts
    D:12: 1911 daAuts
    D:10: 1803 daAuts
     D:8: 1763 daAuts
    D:14: 1685 daAuts
  Lair:2: 1558 daAuts
     D:1: 1540 daAuts
   Orc:2: 1483 daAuts
    D:13: 1435 daAuts
     D:7: 1376 daAuts
  Lair:6: 1261 daAuts
